AoeStats
← liveSettings

QS Arena

503231390Analyzed
3v3 RM · 1mo ago on Aug 30, 2026· 42m 58s· 6 players
Game mode
Random Map
Map size
Normal (6 player)
Population
200
Speed
Normal
Resources
Standard
Victory
Conquest
Starting age
Dark Age
Ending age
Imperial Age
RankedLock teamsTeams togetherTeam positionsShared explorationLock speedFull tech treeHidden civsTurbo modeCheats
Victory
Defeat
🇹🇷 Khmer · Türkiye
1107
+12
🇺🇸 Wei · United States
1099
+12
🇺🇸 Italians · United States
1056
+14
🇺🇸 Khmer · United States
1019
-13
🇺🇸 Portuguese · United States
1017
-13
🇺🇸 Saracens · United States
1013
-13
liveSettings
8:13 Feudal Age
11:54 Castle Age
10:30 Fletching
11:53 Loom
12:11 Double-Bit Axe
14:31 Bodkin Arrow
25:12 Wheelbarrow
24:52 Bow Saw
24:59 Horse Collar
25:57 Wheelbarrow
26:44 Gold Mining
27:13 Hand Cart
30:00 Imperial Age
27:43 Town Watch
28:23 Stone Mining
28:35 Padded Archer Armor
29:27 Ballistics
29:32 Silk Road
29:52 Caravan
32:08 Leather Archer Armor
31:53 Bracer
31:30 Elite Genoese Crossbowman
33:30 Chemistry
34:30 Conscription
35:16 Masonry
35:50 Leather Archer Armor
35:35 Bracer
36:10 Heavy Plow
36:26 Bracer
36:37 Forging
37:33 Thumb Ring
39:42 Ring Archer Armor
40:57 Two-Man Saw
41:11 Stone Shaft Mining
41:50 Crop Rotation
41:49 Town Patrol
yzainc
2:01 Loom
8:54 Feudal Age
14:30 Castle Age
12:48 Double-Bit Axe
12:46 Horse Collar
16:01 Bow Saw
15:54 Heavy Plow
20:21 Wheelbarrow
20:45 Fervor
22:32 Scale Barding Armor
22:38 Forging
23:40 Chain Barding Armor
23:34 Bloodlines
24:36 Husbandry
28:38 Imperial Age
27:11 Iron Casting
28:09 Hand Cart
27:40 Town Watch
27:47 Fletching
28:40 Gold Mining
29:03 Heavy Hei Guang Cavalry
30:45 Blast Furnace
29:52 Town Patrol
31:07 Ming Guang Armor
31:03 Conscription
30:57 Light Cavalry
31:49 Hussar
34:00 Chemistry
33:30 Padded Archer Armor
37:55 Leather Archer Armor
37:36 Bodkin Arrow
38:03 Ballistics
38:14 Treadmill Crane
41:27 Elite Skirmisher
JumperScott
6:06 Loom
7:55 Feudal Age
12:18 Castle Age
10:36 Double-Bit Axe
10:51 Horse Collar
13:53 Heavy Plow
15:15 Bow Saw
16:59 Wheelbarrow
16:30 Stone Mining
18:41 Heavy Plow
19:08 Gold Mining
20:16 Hand Cart
22:00 Town Watch
24:25 Town Patrol
25:06 Gold Shaft Mining
25:07 Stone Shaft Mining
31:39 Imperial Age
31:33 Bloodlines
31:23 Husbandry
30:46 Light Cavalry
33:01 Elite Ballista Elephant
33:42 Double Crossbow
33:07 Capped Ram
34:15 Caravan
35:21 Hussar
38:39 Onager
40:32 Scale Barding Armor
40:38 Forging
McBouncy
7:54 Feudal Age
7:58 Loom
9:44 Loom
12:48 Castle Age
10:41 Horse Collar
11:09 Double-Bit Axe
14:33 Crossbowman
15:23 Town Watch
15:34 Fletching
20:02 Bodkin Arrow
23:58 Wheelbarrow
24:04 Wheelbarrow
25:20 Hand Cart
25:07 Pikeman
27:35 Scale Mail Armor
27:36 Padded Archer Armor
28:29 Chain Mail Armor
29:16 Leather Archer Armor
29:12 Forging
29:09 Arson
33:23 Imperial Age
30:55 Gold Mining
30:56 Stone Mining
31:10 Heavy Plow
31:54 Bow Saw
33:44 Stone Shaft Mining
33:29 Arbalester
35:16 Chemistry
34:37 Ballistics
34:59 Crop Rotation
35:32 Two-Man Saw
35:06 Bracer
35:38 Ring Archer Armor
34:46 Halberdier
35:46 Thumb Ring
38:43 Plate Mail Armor
38:49 Iron Casting
41:49 Blast Furnace
Wigglz2
8:07 Feudal Age
8:31 Horse Collar
8:41 Double-Bit Axe
12:32 Castle Age
12:06 Wheelbarrow
11:23 Town Watch
15:08 Loom
19:07 Husbandry
19:18 Bloodlines
19:22 Stone Mining
20:48 Stone Shaft Mining
25:13 Imperial Age
23:51 Scale Barding Armor
24:37 Forging
24:20 Fletching
24:51 Chain Barding Armor
25:06 Ballistics
26:08 Double Crossbow
26:29 Pikeman
27:34 Conscription
27:11 Gold Mining
27:44 Bodkin Arrow
29:51 Gold Shaft Mining
29:46 Hand Cart
30:15 Elite Ballista Elephant
32:12 Chemistry
34:31 Bracer
34:36 Halberdier
41:04 Light Cavalry
Hog Patrol
1:19 Loom
8:46 Feudal Age
15:12 Castle Age
13:53 Forging
18:14 Fletching
21:34 Bodkin Arrow
23:28 Double-Bit Axe
26:50 Wheelbarrow
29:58 Imperial Age
32:04 Scale Barding Armor
32:48 Bracer
36:27 Heavy Camel Rider
38:35 Iron Casting
39:00 Husbandry
39:12 Bloodlines
38:45 Light Cavalry
39:52 Chain Barding Armor
Connection lost

Rejoining the realm…

Still unreachable

The connection could not be restored.

Session expired

The server has moved on; the page needs a fresh start.